 Dungeon Sprint DCSS version 0.29.1-2-gbd0b4ee654 (webtiles) character file.

Game seed: 10110052487631081087

2574 Zeld the Severer (level 9, -17/121 HPs)
             Began as a Minotaur Berserker on Oct 27, 2022.
             Was a High Priest of Trog.
             Demolished by a tentacle (24 damage)
             ... attached to a kraken
             ... in the Dungeon (Sprint II: "The Violet Keep of Menkaure").
             The game lasted 00:02:39 (1427 turns).

Zeld the Severer (Minotaur Berserker)               Turns: 1427, Time: 00:02:39

Health: -17/121    AC:  3    Str: 25    XL:     9   Next: 32%
Magic:  2/2        EV: 15    Int:  4    God:    Trog [*****.]
Gold:   285        SH:  0    Dex:  9    Spells: 8/8 levels left

rFire   . . .      SeeInvis .   a - +3 battleaxe (antimagic)
rCold   . . .      Faith    .   (shield currently unavailable)
rNeg    . . .      Spirit   .   b - +0 animal skin
rPois   .          Reflect  .   (helmet restricted)
rElec   .          Harm     .   (no cloak)
rCorr   .          Rampage  .   (no gloves)
Will    .....      NoTele   +   (no boots)
Stlth   ..........              (no amulet)
HPRegen 0.30/turn               (no ring)
MPRegen 0.08/turn               (no ring)

@: berserking, very quick
A: horns 2, retaliatory headbutt, frail 1, weak 1
a: Renounce Religion, Berserk, Trog's Hand, Brothers in Arms


You were in the Dungeon.
You worshipped Trog.
Trog was extremely pleased with you.
You visited 1 branch You collected 810 gold pieces.
You spent 525 gold pieces at shops.

Inventory:

Hand Weapons
 a - a +3 antimagic battleaxe (weapon)
Armour
 b - a +0 animal skin (worn)
Scrolls
 h - 3 scrolls of blinking
Potions
 c - 5 potions of curing
 d - 4 potions of heal wounds
 e - a potion of haste
 f - 2 potions of magic
 g - a potion of berserk rage


   Skills:
 + Level 12.1 Fighting
 * Level 16.4 Axes
 + Level 11.8 Armour
 + Level 10.9 Dodging


You had 8 spell levels left.
You didn't know any spells.
Your spell library was empty.

Dungeon Overview and Level Annotations

Branches:
Dungeon (1/1)

Altars:
Cheibriados
Dithmenos
Elyvilon
Fedhas
Gozag
Hepliaklqana
Kikubaaqudgha
Makhleb
Nemelex Xobeh
Okawaru
Qazlal
Ru
Sif Muna
Trog
Uskayaw
Vehumet
Wu Jian
Xom
Yredelemnul
Zin
The Shining One
Jiyva
Lugonu

Shops:
D ?*:?:![::[=![=(

Annotations:
D exclusions: oklob plant and 1 more exclusion


Innate Abilities, Weirdness & Mutations

You have a pair of horns on your head.
You reflexively headbutt those who attack you in melee.
You are frail. (-10% HP)
You are weak. (Str -2)


Message History

You are now empty-handed.
You drop a +0 hand axe.
You hear a splash.
You see here a +3 antimagic battleaxe.
a - a +3 antimagic battleaxe You feel magic leave you.
a - a +3 antimagic battleaxe (weapon)
You see here a +0 hand axe.
Tentacles burst out of the water!
A tentacle comes into view.
The tentacle completely misses you.
You hit the tentacle but do no damage. The tentacle slaps you!
A tentacle segment bursts forth from the water.
A red film seems to cover your vision as you go berserk!
You feel yourself moving faster!
You feel mighty!
You feel a strong urge to attack something.
You hit the kraken but do no damage. You headbutt the kraken!
The kraken is lightly wounded.
Tentacles burst out of the water! 4 tentacles come into view.
Unknown command.
Unknown command.
You slash the kraken! You headbutt the kraken.
The kraken is lightly wounded.
You slash the tentacle! You closely miss the tentacle. The kraken bites you!!!
Unknown command.
You are too injured to fight recklessly!
Unknown command.
You are too injured to fight recklessly!
You hit the kraken. You headbutt the kraken!
The kraken is moderately wounded.
You slash the tentacle! x2; The tentacle misses you. x2
You furiously retaliate!
You headbutt the tentacle. The kraken bites you!!!
* * * LOW HITPOINT WARNING * * *
Unknown command.
You hit the kraken but do no damage.
The kraken is moderately wounded.
You slice the tentacle!! You barely miss the tentacle. The tentacle slaps you!
* * * LOW HITPOINT WARNING * * *
The tentacle slaps you!!
You die...

.### [▓!??$)!!!▓▓
...####▓$??$!!(!▓▓
#..##.#▓?!))!!=:▓▓
+.^#..#▓??)(!!"(▓▓
#..#)÷#▓$(![$)$$▓▓
#..##÷#▓$!)!)=[$▓▓
##...##▓▓▓▓▓▓▓+▓▓▓▓+▓
.~~~~~~~)~~~~~..@Xw≈▓
.~#'########'###www≈▓
§~#._._._..#~~§##≈≈≈▓
.~#.._._._.#~~≈§####▓
~~#._._._._#~~~~≈#
~~#_._._._.#§~~≈≈§#
≈~#._._._..#§§§§§§+
§≈#_._._...#§§§~§§#
§§#._._....#~


You could see a kraken and 4 tentacles.

Vanquished Creatures
  A yaktaur (D)
  A hornet (D)
  3 polar bears (D)
  2 wyverns (D)
  4 neqoxecs (D)
  4 water moccasins (D)
  5 scorpions (D)
20 creatures vanquished.

Vanquished Creatures (others)
  Menkaure (D)
  A water moccasin (D)
  12 tentacles (D)
14 creatures vanquished.

Grand Total: 34 creatures vanquished

Notes
Turn   | Place    | Note
-------+----------+-------------------------------------------
     0 | D        | Zeld the Minotaur Berserker began the quest for the Orb.
     0 | D        | Reached XP level 1. HP: 19/19 MP: 0/0
     1 | D        | Noticed a neqoxec
     1 | D        | Noticed a neqoxec
     1 | D        | Noticed a neqoxec
     1 | D        | Noticed a neqoxec
     6 | D        | Gained mutation: You are weak. (Str -2) [a neqoxec]
     7 | D        | Killed a neqoxec
     8 | D        | Reached skill level 8 in Axes
     8 | D        | Reached skill level 5 in Armour
     8 | D        | Reached skill level 5 in Dodging
     8 | D        | Reached XP level 2. HP: 31/31 MP: 1/1
     8 | D        | Reached XP level 3. HP: 38/38 MP: 2/2
     8 | D        | Reached XP level 4. HP: 45/45 MP: 3/3
     9 | D        | Gained mutation: You are frail. (-10% HP) [a neqoxec]
    13 | D        | Killed a neqoxec
    14 | D        | Reached skill level 10 in Axes
    14 | D        | Reached XP level 5. HP: 14/46 MP: 4/4
    14 | D        | Killed a neqoxec
    14 | D        | Reached ** piety under Trog
    15 | D        | Reached skill level 11 in Axes
    15 | D        | Reached XP level 6. HP: 8/55 MP: 5/5
    16 | D        | Killed a neqoxec
    17 | D        | Reached XP level 7. HP: 10/62 MP: 6/6
    78 | D        | Killed Menkaure
   294 | D        | Noticed a wyvern
   294 | D        | Noticed a wyvern
   297 | D        | Killed a wyvern
   298 | D        | Reached skill level 12 in Axes
   300 | D        | Killed a wyvern
   301 | D        | Reached skill level 13 in Axes
   332 | D        | Noticed a boulder beetle
   332 | D        | Noticed a boulder beetle
   337 | D        | Reached *** piety under Trog
   342 | D        | Reached skill level 10 in Fighting
   349 | D        | Reached XP level 8. HP: 71/71 MP: 7/7
   389 | D        | Found Lolera's Antique Armour Shoppe.
   389 | D        | Found Joaqaoh's Jewellery Shoppe.
   389 | D        | Found Sufot's Jewellery Emporium.
   389 | D        | Found Feqaph's Book Shoppe.
   389 | D        | Found Zifrasil's Distillery.
   389 | D        | Found Daihoeff's Book Shoppe.
   389 | D        | Found Zibi Emikh's Antique Armour Shoppe.
   389 | D        | Found Mutetyle's Antique Armour Emporium.
   390 | D        | Found Opiumn's Antique Weapon Emporium.
   390 | D        | Found Bote's Distillery.
   390 | D        | Found Xyabuysas's Book Emporium.
   392 | D        | Found Firph's Magic Scroll Shoppe.
   392 | D        | Noticed an iron elemental
   392 | D        | Noticed an oklob plant
   396 | D        | Reached **** piety under Trog
   397 | D        | Reached skill level 10 in Armour
   398 | D        | Found Mucwoido's General Store.
   398 | D        | Found Qaggal Emut's Magic Scroll Emporium.
   398 | D        | Found Zazoypn's Book Shoppe.
   399 | D        | Noticed a polar bear
   405 | D        | Bought a potion of heal wounds for 60 gold pieces
   405 | D        | Bought a potion of curing for 36 gold pieces
   405 | D        | Bought a potion of curing for 36 gold pieces
   413 | D        | Noticed an ice dragon
   419 | D        | Bought a potion of heal wounds for 65 gold pieces
   419 | D        | Bought a potion of heal wounds for 65 gold pieces
   421 | D        | Bought a scroll of blinking for 97 gold pieces
   421 | D        | Noticed a polar bear
   422 | D        | Bought a scroll of blinking for 82 gold pieces
   423 | D        | Bought a potion of curing for 42 gold pieces
   423 | D        | Bought a potion of curing for 42 gold pieces
   451 | D        | Reached skill level 14 in Axes
   483 | D        | Noticed an obsidian statue
   746 | D        | Found a glowing silver altar of Zin.
   747 | D        | Found a glowing golden altar of the Shining One.
   747 | D        | Found a basalt altar of Yredelemnul.
   747 | D        | Found a hide-covered altar of Uskayaw.
   748 | D        | Found a shimmering altar of Xom.
   748 | D        | Found a bloodstained altar of Trog.
   749 | D        | Found an ornate altar of the Wu Jian Council.
   749 | D        | Found a shimmering blue altar of Sif Muna.
   749 | D        | Found a corrupted altar of Lugonu.
   749 | D        | Found a radiant altar of Vehumet.
   749 | D        | Found a burning altar of Makhleb.
   750 | D        | Found a sacrificial altar of Ru.
   750 | D        | Found an ancient bone altar of Kikubaaqudgha.
   750 | D        | Found a white marble altar of Elyvilon.
   751 | D        | Found a stormy altar of Qazlal.
   751 | D        | Found a viscous altar of Jiyva.
   751 | D        | Found a shadowy altar of Dithmenos.
   752 | D        | Found a hazy altar of Hepliaklqana.
   752 | D        | Found a snail-covered altar of Cheibriados.
   753 | D        | Noticed a polar bear
   753 | D        | Noticed a polar bear
   754 | D        | Noticed a yaktaur
   754 | D        | Noticed a hornet
   760 | D        | Killed a polar bear
   761 | D        | Noticed a polar bear
   766 | D        | Killed a polar bear
   766 | D        | Killed a polar bear
   767 | D        | Reached skill level 15 in Axes
   767 | D        | Reached skill level 10 in Dodging
   771 | D        | Killed a hornet
   772 | D        | Reached XP level 9. HP: 45/80 MP: 8/8
   772 | D        | Killed a yaktaur
   772 | D        | Reached ***** piety under Trog
  1085 | D        | Found a sparkling altar of Nemelex Xobeh.
  1085 | D        | Found a blossoming altar of Fedhas.
  1086 | D        | Found an iron altar of Okawaru.
  1086 | D        | Found an opulent altar of Gozag.
  1100 | D        | Noticed a kraken
  1323 | D        | Reached skill level 16 in Axes
  1331 | D        | Received a gift from Trog
  1427 | D        | Demolished by a tentacle

Illustrated notes

Levels and vault maps discovered:
D:        the_violet_keep_of_menkaure [sprint2_stairs_cluster_1,
          sprint2_shoproom, sprint2_temple, sprint2_basic_supplies,
          sprint2_obstacle_3, sprint2_obstacle_5, sprint2_obstacle_1,
          sprint2_obstacle_7, sprint2_obstacle_4, sprint2_timed_cluster_1,
          sprint2_smallroom_cluster_1, sprint2_smallroom_final_cluster_1,
          sprint2_transparent_cluster_1, sprint2_second_timed_cluster_1,
          sprint2_sniper_area_1, sprint2_heavy_combat_area_1,
          sprint2_mutation_trap_area_1, sprint2_forest_area_1,
          sprint2_light_combat_area_1, sprint2_behind_water_1,
          sprint2_near_end_vault_1]

Skill      XL: |  1  2  3  4  5  6  7  8  9 |
---------------+----------------------------+-----
Fighting       | 6 7 8 10 11 12 | 12.1
Axes           | 8 10 11 13 15 16 | 16.4
Armour         | 5 6 7 8 9 11 | 11.8
Dodging        | 5 6 7 9 10 | 10.9

Action                   |  1- 3 |  4- 6 |  7- 9 || total
-------------------------+-------+-------+-------++-------
Melee: Hand axe          |     5 |     8 |    60 ||    73
       Headbutt          |     1 |     1 |    13 ||    15
       Punch             |       |       |     1 ||     1
       Battleaxe         |       |       |     5 ||     5
Invok: Berserk           |     1 |       |     5 ||     6
Armor: Animal skin       |       |       |     5 ||     5
Dodge: Dodged            |       |     6 |    40 ||    46
